 Dungeon Crawl Stone Soup version 0.25-a0-294-gea9b1ad378 (webtiles) character file.

Game seed: 18056526295858038156, levelgen mode: deterministic

49 Barrydekale the Changer (level 3, 0/33 HPs)
             Began as an Ogre Transmuter on Dec 16, 2019.
             Succumbed to an adder's poison
             ... on level 1 of the Dungeon.
             The game lasted 00:04:06 (1468 turns).

Barrydekale the Changer (Ogre Transmuter)           Turns: 1468, Time: 00:04:06

Health: 0/33       AC:  3    Str: 14    XL:     3   Next: 75%
Magic:  6/6        EV: 10    Int: 15    God:
Gold:   78         SH:  0    Dex:  9    Spells: 3/6 levels left

rFire    . . .     SeeInvis .     - Unarmed
rCold    . . .     Gourm    .   (no shield)
rNeg     . . .     Faith    .   b - +0 robe
rPois    .         Spirit   .   (helmet restricted)
rElec    .         Reflect  .   (no cloak)
rCorr    .         Harm     .   (gloves unavailable)
MR       .....                  (boots unavailable)
Stlth    +.........             (no amulet)
HPRegen  0.11/turn              (no ring)
MPRegen  0.10/turn              (no ring)

@: lethally poisoned (0 -> -12)
A: large, unfitting armour, tough skin 1
a: no special abilities


You were on level 1 of the Dungeon.
You were not hungry.

You visited 1 branch of the dungeon, and saw 2 of its levels.

You collected 78 gold pieces.

Inventory:

Missiles
 a - 30 arrows
 e - 7 boomerangs (quivered)
Armour
 b - a +0 robe (worn)
Scrolls
 c - a scroll of identify
 f - a scroll of blinking
Comestibles
 d - a ration


   Skills:
 - Level 1.3 Fighting
 - Level 1.7 Dodging
 - Level 2.6 Unarmed Combat
 - Level 2.4 Spellcasting
 + Level 3.6 Transmutations


You had 3 spell levels left.
You knew the following spells:

 Your Spells              Type           Power        Failure   Level  Hunger
a - Beastly Appendage     Tmut           ##....       4%          1    #......
b - Sticks to Snakes      Tmut           ##......     8%          2    ###....

Your spell library contained the following spells:

 Spells                   Type           Power        Failure   Level  Hunger
 Corona                   Hex            #......      22%         1    #......
 Spider Form              Tmut/Pois      #.........   30%         3    ###....
 Ensorcelled Hibernation  Hex/Ice        #.....       32%         2    ###....
 Confuse                  Hex            #.......     54%         3    ###....
 Dazzling Flash           Conj/Hex       #.....       54%         3    ###....
 Tukima's Dance           Hex            #.......     54%         3    ###....
 Ice Form                 Ice/Tmut       #.......     71%         4    #####..
 Blade Hands              Tmut           ##........   80%         5    ######.


Dungeon Overview and Level Annotations

Branches:
Dungeon (2/15)

Altars:


Innate Abilities, Weirdness & Mutations

You are too large for most types of armour.
You have tough skin. (AC +1)


Message History

You aren't carrying any potions.
You aren't carrying any potions.
You aren't carrying any potions.
As you read the scroll labeled OWAQ JYNAQ, it crumbles to dust.
It is a scroll of identify.
f - a scroll of blinking
* * * LOW HITPOINT WARNING * * *
You feel sick.
* * * LOW HITPOINT WARNING * * *
You feel sick.
Your horns disappear.
* * * LOW HITPOINT WARNING * * *
You feel sick.
* * * LOW HITPOINT WARNING * * *
You feel sick.
* * * LOW HITPOINT WARNING * * *
You feel sick.
* * * LOW HITPOINT WARNING * * *
You feel sick.
You die...

#....##.###.#.......####.#.#...'
##....##....................#.###
#.....+..............###..#.#.# #
#.....###............#......#.###
#.....# #............#.#..#......
#.##### #..)..................###
#.# #####...............#.#......
#.# #............)....[.......###
#(###..........†@....##.#.....#..
#...+..........)..##.##.#.....#.#
#..##.....###.###.##.##.#........
#..#..............##.##.#.......#
#..#......####.##.##.##.#.......#
#..#............#.##.##.#.......#
#..........###..................#
##.#.#...........................
#.#.#.#.#####.#####.#......#.#.#


There were no monsters in sight!

Vanquished Creatures
  An adder (D:1)
  A gnoll (D:1)
  A worm (D:2)
  2 leopard geckos
  3 giant cockroaches
  A goblin (D:1)
  4 hobgoblins
  5 bats
  A frilled lizard (D:2)
  6 kobolds (D:1)
  4 rats (D:1)
29 creatures vanquished.

Notes
Turn   | Place    | Note
-------+----------+-------------------------------------------
     0 | D:1      | Barrydekale the Ogre Transmuter began the quest for the
                  | Orb.
     0 | D:1      | Reached XP level 1. HP: 19/19 MP: 3/3
    57 | D:1      | Reached skill level 2 in Transmutations
   180 | D:1      | Reached XP level 2. HP: 23/27 MP: 5/5
   186 | D:1      | Learned a level 2 spell: Sticks to Snakes
   421 | D:1      | Reached skill level 3 in Transmutations
   617 | D:1      | Reached XP level 3. HP: 33/33 MP: 6/6
  1467 | D:1      | HP: 1/33 [poisoned by an adder]
  1468 | D:1      | Succumbed to an adder's poison

Levels and vault maps discovered:
D:1:      evilmike_arrival_hilbert_curve, layout_basic, minmay_pentomino_z4
D:2:      layout_basic, chequers_ecumenical_altar_simple_redux, minmay_circle_x

Skill      XL: |  1  2 |
---------------+-------+-----
Transmutations | 2 3 |  3.6
Fighting       | |  1.3
Dodging        | |  1.7
Unarmed Combat | |  2.6
Spellcasting   | |  2.4

Action                   || total
-------------------------++-------
Melee: Unarmed           ||   120
       Headbutt          ||     7
       Kick              ||     6
       Punch             ||     1
Throw: Boomerang         ||    23
 Cast: Beastly Appendage ||    20
  Use: Scroll            ||     1
  Eat: Chunk             ||     2
Armor: Robe              ||    32
Dodge: Dodged            ||    71

Table legend:
 A = Non-vault XP
 B = Vault XP
 C = Vault XP percentage of total XP
 D = Non-vault monster count
 E = Vault monster count
 F = Vault count percentage of total count
                 A         B        C        D         E       F
            +---------+---------+-------+---------+---------+-------
      Total |      54 |      16 |  22.9 |      25 |       4 |  13.8
            +---------+---------+-------+---------+---------+-------
        D:1 |      39 |      15 |  27.8 |      19 |       3 |  13.6
        D:2 |      15 |       1 |   6.2 |       6 |       1 |  14.3
            +---------+---------+-------+---------+---------+-------
